 Dungeon Crawl Stone Soup version 0.27-a0-1595-g0b823d0a13 (webtiles) character file.

Game seed: 15241165797409624098

112 zazu2006 the Magician (level 4, -15/36 HPs)
             Began as a Naga Hedge Wizard on July 20, 2021.
             Demolished by an ogre (28 damage)
             ... on level 3 of the Dungeon.
             The game lasted 00:05:26 (2929 turns).

zazu2006 the Magician (Naga Hedge Wizard)           Turns: 2929, Time: 00:05:27

Health: -15/36     AC:  3    Str: 12    XL:     4   Next: 95%
Magic:  1/10       EV:  9    Int: 16    God:
Gold:   74         SH:  0    Dex: 10    Spells: 2/11 levels left

rFire    . . .     SeeInvis +   a - +0 dagger
rCold    . . .     Faith    .   (no shield)
rNeg     . . .     Spirit   .   g - +0 leather armour
rPois    +         Reflect  .   c - +0 hat
rElec    .         Harm     .   (no cloak)
rCorr    .         Rampage  .   f - +0 pair of gloves
Will     .....                  (no barding)
Stlth    ++........             (no amulet)
HPRegen  0.12/turn              (no ring)
MPRegen  0.12/turn              (no ring)

@: short of breath, very slow
A: AC +1, large, see invisible, deformed body, poison resistance, slowness 2,
spit poison 1, naga tail 1
a: Spit Poison


You were on level 3 of the Dungeon.
You visited 1 branch of the dungeon, and saw 3 of its levels.

You collected 74 gold pieces.

Inventory:

Hand Weapons
 a - a +0 dagger (weapon)
Missiles
 i - 4 poisoned darts
Armour
 c - a +0 hat (worn)
 f - a +0 pair of gloves (worn)
 g - a +0 leather armour (worn)
Scrolls
 d - 2 scrolls of identify {unknown}
Potions
 b - a potion of attraction {unknown}
 e - 3 potions of heal wounds {unknown}
 h - 2 potions of brilliance {unknown}
 j - a potion of magic {unknown}


   Skills:
 + Level 0.1 Fighting
 + Level 0.5 Armour
 + Level 2.0 Dodging
 + Level 4.0 Stealth
 + Level 4.2 Spellcasting
 + Level 1.9 Conjurations
 + Level 1.0 Summonings
 + Level 1.0 Translocations


You had 2 spell levels left.
You knew the following spells:

 Your Spells              Type           Power      Damage    Failure   Level
a - Magic Dart            Conj           36%        1d4       10%         1
b - Mephitic Cloud        Conj/Pois/Air  5%         N/A       43%         3
c - Conjure Flame         Conj/Fire      6%         6-21      38%         3
d - Blink                 Tloc           N/A        N/A       22%         2

Your spell library contained the following spells:

 Spells                   Type           Power      Damage    Failure   Level
 Call Imp                 Summ           6%         N/A       22%         2
 Slow                     Hex            3%         N/A       32%         2


Dungeon Overview and Level Annotations

Branches:
Dungeon (3/15)

Altars:
Okawaru


Innate Abilities, Weirdness & Mutations

Your serpentine skin is tough. (AC +1)
You have supernaturally acute eyesight. (SInv)
Armour fits poorly on your strangely shaped body.
Your system is resistant to poisons. (rPois)
You cover ground very slowly.
You can spit poison.
You have a snake-like lower body.


Message History

Press: ? - help, Shift-Dir - straight line, f/p - ogre
Aim: an ogre, wielding a +0 giant spiked club (moderately wounded, confused, 84% to hit)
You throw a poisoned dart.
The poisoned dart barely misses the ogre.
Casting: Mephitic Cloud (quite dangerous; 43% risk of failure)
Confirm with . or Enter, or press ? or * to list all spells.
Aiming: Magic Dart (safe; 10% risk of failure)
Press: ? - help, Shift-Dir - straight line, p - ogre The magic dart hits the bat.
You kill the bat!
Throw: 5 darts (poison)
Press: ? - help, Shift-Dir - straight line, f - ogre
Aim: an ogre, wielding a +0 giant spiked club (lightly wounded, confused, 84% to hit)
You throw a poisoned dart. The poisoned dart hits the ogre.
The ogre is lightly wounded.
The ogre seems less confused.
Casting: Magic Dart (safe; 10% risk of failure)
Confirm with . or Enter, or press ? or * to list all spells.
The spell is quite dangerous to cast (43% risk of failure)!
Continue anyway? [Y]es or [N]o only, please.
The spell is quite dangerous to cast (43% risk of failure)!
Continue anyway?
Aiming: Mephitic Cloud (quite dangerous; 43% risk of failure)
Press: ? - help, Shift-Dir - straight line, f/p - ogre
Aim: an ogre, wielding a +0 giant spiked club (lightly wounded, chance to affect: 77%)
The ball explodes into a vile cloud!
The stinking cloud engulfs the ogre but does no damage.
The ogre is lightly wounded.
You have got your breath back.
You hear a shout!
The ogre is engulfed in noxious fumes.
Press: ? - help, Shift-Dir - straight line, f/p - ogre
Aim: an ogre, wielding a +0 giant spiked club (moderately wounded)
The splash of poison hits the ogre.
The ogre is poisoned.
The ogre is moderately wounded.
The ogre hits you with a +0 giant spiked club!!
Ouch! That really hurt!
Unknown command.
The ogre hits you with a +0 giant spiked club!!
Ouch! That really hurt!
You die...

.......#.#.#.#.....≈
#.......#.#.#.#.....##
#........#.#.#°(.....≈
#.......#.#.#.#...#
+........#.#+#....#
#......##.#...#.### ##.
#......#'#+...'...#....
#.............#O......#
#...........###@..#....
#...........# #...# ...
#######.....# #...# ##
#.....# ##### #.....#
#.....# #.....# #.....#
#.....#


You could see an ogre (poisoned).

Vanquished Creatures
  5 adders
  2 worms (D:2)
  2 dart slugs (D:1)
  An orc (D:2)
  An endoplasm (D:1)
  A giant cockroach (D:2)
  5 hobgoblins
  9 jackals
  A quokka (D:2)
  3 ball pythons (D:1)
  4 bats
  2 frilled lizards
  6 goblins
  10 kobolds
  3 rats (D:1)
55 creatures vanquished.

Notes
Turn   | Place    | Note
-------+----------+-------------------------------------------
     0 | D:1      | zazu2006 the Naga Hedge Wizard began the quest for the Orb.
     0 | D:1      | Reached XP level 1. HP: 15/15 MP: 4/4
   328 | D:1      | Reached XP level 2. HP: 18/22 MP: 0/6
   916 | D:1      | Reached XP level 3. HP: 28/28 MP: 1/8
  1794 | D:2      | Reached XP level 4. HP: 35/36 MP: 6/10
  1964 | D:2      | Found a faded altar of an unknown god.
  2211 | D:2      | Learned a level 3 spell: Mephitic Cloud
  2219 | D:2      | Learned a level 3 spell: Conjure Flame
  2222 | D:2      | Learned a level 2 spell: Blink
  2399 | D:2      | Found an iron altar of Okawaru.
  2909 | D:3      | Noticed an ogre
  2929 | D:3      | Demolished by an ogre

Illustrated notes

Levels and vault maps discovered:
D:1:      evilmike_arrival_hilbert_curve, layout_basic
D:2:      layout_rooms, basic_altar, basic_ecumenical_altar
D:3:      layout_basic, hangedman_ru_absence

Skill      XL: |  1  2  3  4 |
---------------+-------------+-----
Spellcasting   | 4 |  4.2
Dodging        | 2 |  2.0
Stealth        | 4 |  4.0
Fighting       | |  0.1
Armour         | |  0.5
Conjurations   | |  1.9
Summonings     | |  1.0
Translocations | |  1.0

Action                   |  1- 3 |  4- 6 || total
-------------------------+-------+-------++-------
Melee: Dagger            |    18 |     1 ||    19
Throw: Dart              |       |     6 ||     6
 Cast: Magic Dart        |    61 |    67 ||   128
       Mephitic Cloud    |       |     2 ||     2
 Abil: Spit Poison       |     9 |    14 ||    23
 Stab: Sleeping          |     1 |       ||     1
Armor: Robe              |     7 |     2 ||     9
       Leather armour    |       |     5 ||     5
Dodge: Dodged            |    23 |     7 ||    30

Table legend: (Time is in decaauts)
 A = Elapsed time spent in this place.
 B = Non-inter-level travel time spent in this place.
 C = Inter-level travel time spent in this place.
 D = Time resting spent in this place.
 E = Time spent auto-exploring this place.
 F = Levels seen in this place.
 G = Mean time per level.
                   A        B        C        D        E       F      G
               +--------+--------+--------+--------+--------+-----+--------+
         Total |   3405 |   3300 |    105 |    328 |   2606 |   3 | 1135.0 |
       Dungeon |   3405 |   3300 |    105 |    328 |   2606 |   3 | 1135.0 |
               +--------+--------+--------+--------+--------+-----+--------+

Top non-repeatable levels by time:
     D:1: 1839 daAuts
     D:2: 1462 daAuts
     D:3: 103 daAuts
